[Event "Team 45 45 League T69"]
[Site "Internet Chess Club"]
[Date "2016.06.25"]
[Round "3"]
[White "elessar"]
[Black "Pawnchain"]
[Result "1/2-1/2"]
[WhiteElo "1662"]
[BlackElo "1590"]
[Opening "French: Two knights variation"]
[ECO "C00"]
[Time "09:00:49"]
[TimeControl "2700+45"]

1. e4 e6 2. Nf3 d5 3. Nc3 Nf6 4. e5 Nfd7 5. d4 a6 6. Bd3 c5 7. dxc5 Nxc5 8. O-O
Nc6 9. Ne2 Bd7 10. c4 Nxd3 11. Qxd3 dxc4 12. Qxc4 Rc8 13. Qe4 Be7 14. Qg4 g6 15.
Be3 Qa5 16. Bd2 Bb4 17. Bxb4 Qxb4 18. Qxb4 Nxb4 {Game drawn by mutual agreement}
1/2-1/2

[Event "Team 45 45 League T69"]
[Site "Internet Chess Club"]
[Date "2016.06.23"]
[Round "3"]
[White "andrew37"]
[Black "kidcobra"]
[Result "1-0"]
[WhiteElo "1730"]
[BlackElo "1778"]
[Opening "English opening"]
[ECO "A20"]
[Time "18:08:38"]
[TimeControl "2700+45"]

1. c4 e5 2. g3 Nf6 3. Bg2 Bc5 4. Nc3 O-O 5. e3 Re8 6. Nge2 Nc6 7. O-O d6 8. d4
exd4 9. exd4 Bb6 10. h3 Bf5 11. Be3 Nb4 12. Rc1 Nd3 13. Rc2 Nb4 14. Rd2 Ne4 15.
Nxe4 Bxe4 16. a3 Bxg2 17. Kxg2 Nc6 18. c5 Ba5 19. b4 Bxb4 20. axb4 Nxb4 21. Qb3
a5 22. Nf4 Qd7 23. Rc1 dxc5 24. dxc5 Qc6+ 25. Kh2 Re4 26. Rcd1 h6 27. Rd8+ Re8
28. R1d7 Qf6 29. Rxa8 Rxa8 30. Nd5 Nxd5 31. Qxd5 Re8 32. Bd4 Qg6 33. Rd8 Rxd8
34. Qxd8+ Kh7 35. Qxc7 a4 36. Qf4 a3 37. Qg4 Qxg4 38. hxg4 Kg8 39. f4 Kf8 40.
Kg2 Ke8 41. Bxg7 Kd7 42. Kf3 Kc6 43. Ke4 Kxc5 44. Bf8+ Kc4 45. Bxa3 b5 46. Bb2
b4 47. Kf5 Kd3 48. g5 hxg5 49. fxg5 Ke3 50. Kf6 Kf3 51. Kxf7 Kxg3 52. g6 Kf3 53.
g7 Ke3 54. g8=Q Kd3 55. Ke6 Kc4 56. Kd6+ Kb5 57. Qb3 Ka5 58. Kc6 Ka6 59. Qa4#
{Black checkmated} 1-0

[Event "Team 45 45 League T69"]
[Site "Internet Chess Club"]
[Date "2016.06.27"]
[Round "3"]
[White "RD1974"]
[Black "FrankNautilus"]
[Result "0-1"]
[WhiteElo "1686"]
[BlackElo "1714"]
[Opening "Alekhine's defense: exchange variation"]
[ECO "B02"]
[Time "18:01:43"]
[TimeControl "2700+45"]

1. e4 Nf6 2. e5 Nd5 3. c4 Nb6 4. d4 d6 5. exd6 exd6 6. Nc3 Be7 7. Bd3 O-O 8.
Nge2 Nc6 9. Be3 Nb4 10. b3 Nxd3+ 11. Qxd3 c6 12. Ng3 d5 13. c5 Nd7 14. Nf5 Nf6
15. Nxe7+ Qxe7 16. O-O Be6 17. Bf4 Rfd8 18. Bd6 Qd7 19. Rae1 Ne8 20. Be5 Bf5 21.
Qg3 f6 22. Bf4 Nc7 23. Bd6 Ne8 24. Re7 Qc8 25. Rfe1 Bg6 26. R1e6 Nxd6 27. cxd6
Rd7 28. Ne2 Rxe7 29. Rxe7 Qf5 30. h4 Rd8 31. Nf4 Bf7 32. Qe3 Rb8 33. d7 Kf8 34.
Ne6+ Kxe7 35. Nxg7+ Qe4 36. Qg3 Rd8 37. Qc3 Rxd7 38. Qc5+ Kd8 39. Qxa7 Qe1+ 40.
Kh2 Qxf2 41. Qb6+ Kc8 42. Qa7 Qf4+ 43. Kg1 Qc7 44. Qa8+ Qb8 45. Qa3 Qg3 46. Nf5
Qf4 47. Qa8+ Kc7 48. Qa5+ Kb8 49. Ne7 Qxd4+ 50. Kh1 Qa1+ 51. Kh2 Qe5+ 52. g3
Qxe7 {White resigns} 0-1

[Event "Team 45 45 League T69"]
[Site "Internet Chess Club"]
[Date "2016.06.25"]
[Round "3"]
[White "KidRattler"]
[Black "pcvan"]
[Result "0-1"]
[WhiteElo "1587"]
[BlackElo "1484"]
[Opening "Sicilian: closed, 2...Nc6"]
[ECO "B23"]
[Time "19:32:18"]
[TimeControl "2700+45"]

1. e4 c5 2. Nc3 Nc6 3. Bb5 Nd4 4. Bc4 e6 5. Nge2 Nf6 6. Nxd4 cxd4 7. d3 dxc3 8.
f4 Bb4 9. O-O d5 10. exd5 Nxd5 11. a3 Bc5+ 12. d4 Bb6 13. Bxd5 cxb2 14. Bc6+
bxc6 15. Bxb2 O-O 16. Kh1 Bb7 17. Qg4 Bxd4 18. Rfd1 c5 19. c3 Qb6 20. cxd4 Qxb2
21. Rab1 Qxg2+ 22. Qxg2 Bxg2+ 23. Kxg2 c4 24. Rb4 c3 25. Rc4 Rfc8 26. Rxc8+ Rxc8
27. Kf3 h6 28. Ke4 f5+ 29. Ke5 Kf7 30. Kd6 g5 31. Kd7 Rc4 32. Kd6 c2 33. Rc1
Rxd4+ 34. Kc6 Rc4+ 35. Kd6 gxf4 36. a4 f3 37. a5 f2 38. a6 f1=Q 39. Rxf1 c1=Q
40. Rxc1 Rxc1 41. h4 f4 42. h5 f3 43. Ke5 f2 44. Kd6 f1=Q 45. Ke5 Re1+ 46. Kd6
Qd3+ 47. Kc7 Rc1+ 48. Kb7 Qd7+ 49. Ka8 Rc8# {White checkmated} 0-1

[Event "Team 45 45 League T69"]
[Site "Internet Chess Club"]
[Date "2016.06.27"]
[Round "3"]
[White "Pomberito"]
[Black "JefferyChess"]
[Result "1/2-1/2"]
[WhiteElo "2084"]
[BlackElo "1946"]
[Opening "Giuoco Piano"]
[ECO "C54"]
[Time "21:00:19"]
[TimeControl "2700+45"]

1. e4 e5 2. Nf3 Nc6 3. Bc4 Bc5 4. c3 Nf6 5. d4 exd4 6. cxd4 Bb4+ 7. Bd2 Nxe4 8.
Bxb4 Nxb4 9. Bxf7+ Kxf7 10. Qb3+ d5 11. Qxb4 Rf8 12. O-O Kg8 13. Nbd2 a5 14. Qb3
Nxd2 15. Nxd2 Ra6 16. Nf3 a4 17. Qe3 Rh6 18. Rfe1 Bf5 19. Qe7 Rb6 20. Qxd8 Rxd8
21. Re2 Bg4 22. Rc1 c6 23. Rc3 Rf8 24. a3 g6 25. Kf1 Rf4 26. Rd2 Bxf3 27. gxf3
Kg7 28. Kg2 Kf7 29. Kg3 g5 30. Re3 h6 31. Rde2 Rb3 32. Rd2 Rb5 33. Rde2 Rf5 34.
h4 gxh4+ 35. Kxh4 Kg6 36. Kg3 Kg5 37. Re6 Rb3 38. R2e3 h5 39. Rxb3 axb3 40. Re3
h4+ 41. Kg2 Rf7 42. Rxb3 Rh7 43. Kh3 Rf7 44. a4 Kf4 45. a5 Re7 46. Kg2 Rg7+ 47.
Kh3 Re7 {Game drawn by mutual agreement} 1/2-1/2

[Event "Team 45 45 League T69"]
[Site "Internet Chess Club"]
[Date "2016.06.25"]
[Round "3"]
[White "TheRailgun"]
[Black "f5"]
[Result "0-1"]
[WhiteElo "1877"]
[BlackElo "2101"]
[Opening "Sicilian: Nimzovich-Rossolimo attack (with ...g6, without ...d6)"]
[ECO "B31"]
[Time "20:01:18"]
[TimeControl "2700+45"]

1. e4 c5 2. Nf3 Nc6 3. Bb5 g6 4. O-O Bg7 5. Bxc6 dxc6 6. Re1 Bg4 7. d3 Bxf3 8.
Qxf3 Nf6 9. Nc3 Nd7 10. Bf4 Nf8 11. Qg3 Ne6 12. Be5 f6 13. Bf4 Nd4 14. Rac1 O-O
15. Be3 b6 16. Ne2 Qd7 17. Nxd4 cxd4 18. Bd2 c5 19. b3 b5 20. Qh4 a5 21. Bh6 a4
22. Bxg7 Kxg7 23. f4 e6 24. Rf1 b4 25. Rf2 Ra7 26. Qg3 Kh8 27. Qh4 Qd8 28. Rf3
f5 29. Qe1 Re8 30. Qe2 Rae7 31. e5 Ra7 32. Rh3 Qd7 33. Qf3 Rf8 34. Qg3 Rg8 35.
Qg5 Qe7 36. Qxe7 Rxe7 37. Rf3 g5 38. fxg5 Rxg5 39. g3 Ra7 40. Kh1 Kg8 41. Rf4
Kf8 42. Kg2 Ke8 43. Kf3 Kd7 44. Rh4 Kc6 45. h3 Kd5 46. Re1 Rag7 {White resigns}
0-1

[Event "Team 45 45 League T69"]
[Site "Internet Chess Club"]
[Date "2016.06.26"]
[Round "3"]
[White "Freitac"]
[Black "LucaTrapani"]
[Result "1-0"]
[WhiteElo "1975"]
[BlackElo "1808"]
[Opening "Dutch defense, Rubinstein variation"]
[ECO "A40"]
[Time "18:09:53"]
[TimeControl "2700+45"]

1. d4 e6 2. c4 f5 3. Nc3 d5 4. cxd5 exd5 5. Nf3 c6 6. Bg5 Nf6 7. e3 Be7 8. Bd3
Be6 9. Qc2 Ne4 10. Bxe7 Qxe7 11. O-O O-O 12. Ne5 Nd7 13. Nxd7 Bxd7 14. Rae1 Qh4
15. f3 Nd6 16. e4 dxe4 17. fxe4 fxe4 18. Nxe4 Nf5 19. Qc4+ Kh8 20. Nc5 Nd6 21.
Qb4 Bf5 22. Bxf5 Nxf5 23. Ne6 Rf7 24. Qc5 Re8 25. Qe5 Qf6 26. Qxf6 Rxf6 27. Nc5
Nd6 28. Rxe8+ Nxe8 29. Rxf6 Nxf6 30. Nxb7 Nd5 31. Kf2 Nb4 32. Ke3 Nxa2 33. Kd3
Nc1+ 34. Kc4 Ne2 35. Nd8 Nf4 36. Nxc6 a6 37. g3 Ng6 38. d5 Nf8 39. Ne5 Kg8 40.
Kc5 g6 41. Kd6 Kg7 42. Ke7 {Black resigns} 1-0

[Event "Team 45 45 League T69"]
[Site "Internet Chess Club"]
[Date "2016.06.25"]
[Round "3"]
[White "charles-allen"]
[Black "primerpaso"]
[Result "1/2-1/2"]
[WhiteElo "1845"]
[BlackElo "1793"]
[Opening "Queen's bishop game"]
[ECO "D02"]
[Time "19:00:35"]
[TimeControl "2700+45"]

1. d4 Nf6 2. Nf3 d5 3. Bf4 e6 4. e3 Bd6 5. Ne5 O-O 6. Bd3 c5 7. c3 b6 8. Qe2 Qc7
9. Nd2 Bb7 10. Ndf3 Ne4 11. Ng5 Nxg5 12. Bxg5 Bxe5 13. dxe5 Qxe5 14. f4 Qd6 15.
O-O-O f5 16. g4 Nd7 17. Rhg1 Kh8 18. Rg3 Rf7 19. Rh3 Nf8 20. c4 d4 21. Bc2 fxg4
22. Qxg4 g6 23. exd4 cxd4 24. Rhd3 e5 25. fxe5 Qxe5 26. Qxd4 Qxd4 27. Rxd4 Ne6
28. Rd7 Nxg5 29. h4 Ba6 30. hxg5 Bxc4 31. b3 Be6 32. Rxf7 Bxf7 33. Rd7 Kg8 34.
Kb2 a6 35. Rd6 Rb8 36. b4 Kg7 37. Rd7 Kf8 38. Bb3 Bxb3 39. Kxb3 Kg8 40. a4 b5
41. Rd6 bxa4+ 42. Kxa4 Rb5 43. Rd8+ Kg7 44. Rd7+ Kg8 45. Rd8+ Kg7 46. Rd7+ {Game
drawn by mutual agreement} 1/2-1/2

[Event "Team 45 45 League T69"]
[Site "Internet Chess Club"]
[Date "2016.06.25"]
[Round "3"]
[White "Totti"]
[Black "DarthDaver"]
[Result "0-1"]
[WhiteElo "1835"]
[BlackElo "2049"]
[Opening "French: Tarrasch"]
[ECO "C03"]
[Time "18:30:10"]
[TimeControl "2700+45"]

1. e4 e6 2. d4 d5 3. Nd2 Be7 4. Bd3 c5 5. dxc5 Nf6 6. Qe2 O-O 7. Ngf3 a5 8. O-O
Na6 9. e5 Nd7 10. c4 Ndxc5 11. Bb1 b6 12. Rd1 Bb7 13. Nf1 Qc7 14. Qc2 g6 15. Ne3
Nb4 16. Qe2 dxc4 17. Nxc4 Rad8 18. Bf4 Rxd1+ 19. Qxd1 Rd8 20. Nd6 f6 21. Qc1
Bxf3 {White resigns} 0-1

[Event "Team 45 45 League T69"]
[Site "Internet Chess Club"]
[Date "2016.06.28"]
[Round "3"]
[White "alexping"]
[Black "bss2005"]
[Result "1-0"]
[WhiteElo "1960"]
[BlackElo "1920"]
[Opening "Queen's bishop game"]
[ECO "D00"]
[Time "13:15:06"]
[TimeControl "2700+45"]

1. d4 d5 2. Bf4 Nf6 3. Nf3 Bf5 4. e3 e6 5. Bd3 Bg6 6. O-O Bd6 7. Bg5 Nbd7 8. Re1
c6 9. Bxg6 hxg6 10. Nbd2 Qb6 11. Qc1 Ne4 12. Bf4 Bxf4 13. exf4 Ndf6 14. c3 O-O
15. Qc2 Rac8 16. Ne5 Rfd8 17. Nxe4 Nxe4 18. b4 a5 19. a3 Qa6 20. f3 Nf6 21. g4
b6 22. Rab1 Nd7 23. f5 Nxe5 24. Rxe5 exf5 25. gxf5 g5 26. Qd2 f6 27. Re6 axb4
28. axb4 Qa7 29. f4 Re8 30. Rbe1 Rxe6 31. fxe6 gxf4 32. Qxf4 Qe7 33. Qf5 Rd8 34.
h4 c5 35. bxc5 bxc5 36. h5 cxd4 37. cxd4 Qb4 38. Qf2 Re8 39. Qe3 Qd6 40. Kg2 Kh7
41. Qd3+ Kh8 42. Qe3 Kh7 43. Kh3 Re7 44. Qd3+ Kh8 45. Qe3 Kh7 46. Re2 Re8 47.
Qd3+ Kh8 48. Qe3 Kh7 49. Kg4 g6 50. hxg6+ Kxg6 51. Qd3+ Kg7 52. Kf5 Rh8 53. Qf3
Kf8 54. Qg4 Qe7 55. Ra2 Qh7+ 56. Kxf6 Qe7+ 57. Ke5 Qc7+ 58. Kxd5 Qd8+ 59. Kc4
Qc7+ 60. Kd3 Qh7+ 61. Qe4 Qh3+ 62. Kc4 Qf1+ 63. Kc5 Rh5+ 64. Kd6 Qf6 65. Ra8+
Kg7 66. d5 Kh6 67. Qe3+ Kg6 68. Qg3+ Kh6 69. Qe3+ Kg6 70. Rg8+ Kh7 71. Re8 Kg6
72. Qg3+ Kh6 73. Qe3+ Kg6 74. Qe4+ Kh6 75. Re7 Rf5 76. Kd7 Kg5 77. Rf7 {Black
resigns} 1-0

[Event "Team 45 45 League T69"]
[Site "Internet Chess Club"]
[Date "2016.06.24"]
[Round "3"]
[White "bobhill"]
[Black "yyoo"]
[Result "0-1"]
[WhiteElo "1767"]
[BlackElo "1790"]
[Opening "King's Indian: Torre attack"]
[ECO "A48"]
[Time "17:13:26"]
[TimeControl "2700+45"]

1. d4 Nf6 2. Nf3 g6 3. Bg5 d5 4. e3 Bg7 5. Bd3 c5 6. c3 O-O 7. O-O Qb6 8. Qb3
Nc6 9. Nbd2 h6 10. Bh4 g5 11. Bg3 Ne8 12. h3 c4 13. Qxb6 axb6 14. Bc2 f5 15. Kh1
b5 16. a3 Nf6 17. Ng1 Nh5 18. Bh2 e5 19. dxe5 Nxe5 20. Bxe5 Bxe5 21. Ngf3 Bg7
22. Nd4 Bxd4 23. exd4 Bd7 24. Nf3 Rae8 25. Ne5 Bc6 26. g3 Rxe5 27. dxe5 d4+ 28.
Kh2 d3 29. Bd1 Ng7 30. f4 Rd8 31. Bf3 Be4 32. Rad1 Ne6 33. Bxe4 fxe4 34. Rfe1
Nc5 35. Kg2 Kf7 36. Kf2 Ke6 37. Ke3 Rf8 38. Rf1 Rg8 39. Rg1 g4 40. h4 Rd8 41.
Rgf1 Kf5 42. Rf2 h5 43. Re1 Rd5 44. Kd2 Nb3+ 45. Kd1 Nc5 46. Re3 Rd8 47. Rf1 Rc8
48. Rfe1 b4 49. e6 bxc3 50. bxc3 Ra8 51. e7 Rxa3 52. Rxe4 Ra1+ 53. Kd2 Nb3+ 54.
Ke3 Rxe1+ {White resigns} 0-1

[Event "Team 45 45 League T69"]
[Site "Internet Chess Club"]
[Date "2016.06.24"]
[Round "3"]
[White "SimplyAbed"]
[Black "Portola"]
[Result "0-1"]
[WhiteElo "1425"]
[BlackElo "1854"]
[Opening "French: exchange variation"]
[ECO "C01"]
[Time "09:01:48"]
[TimeControl "2700+45"]

1. e4 e6 2. d4 d5 3. exd5 exd5 4. Nc3 Nf6 5. Bd3 Be7 6. Nf3 O-O 7. O-O Bg4 8. h3
Bh5 9. Bf4 c6 10. a3 a5 11. Qe2 Re8 12. Qd2 Nbd7 13. Ne5 Nxe5 14. Bxe5 Bg6 15.
Bxg6 hxg6 16. Rae1 b5 17. Bxf6 gxf6 18. Na2 Kg7 19. c3 Qd7 20. Re2 Bd6 21. Rfe1
Re6 22. Rxe6 fxe6 23. Qe3 e5 24. dxe5 fxe5 25. Qg5 Rf8 26. Rxe5 Bxe5 27. Qxe5+
Kh7 28. Qg3 Qe7 29. f3 Re8 30. Kh2 c5 31. Qf2 d4 32. cxd4 cxd4 33. Qxd4 Qc7+ 34.
f4 Rf8 35. g3 Qc2+ 36. Kg1 Qb1+ 37. Kf2 Qxa2 38. Qd7+ Qf7 39. Qxb5 Qa7+ 40. Kf3
Rb8 41. Qd3 Qf7 42. b4 axb4 43. axb4 Rxb4 44. Qd6 Rb3+ 45. Kg4 Qf5+ {White
resigns} 0-1

[Event "Team 45 45 League T69"]
[Site "Internet Chess Club"]
[Date "2016.06.26"]
[Round "3"]
[White "bradleyguo175"]
[Black "Scorpius"]
[Result "0-1"]
[WhiteElo "1617"]
[BlackElo "1368"]
[Opening "Czech Benoni defense"]
[ECO "A56"]
[Time "09:32:16"]
[TimeControl "2700+45"]

1. d4 Nf6 2. c4 c5 3. d5 e5 4. Nc3 d6 5. e4 Be7 6. Nf3 Nbd7 7. Be2 Nf8 8. O-O
Ng6 9. Bg5 O-O 10. h3 h6 11. Be3 Nh7 12. a3 Ng5 13. Nxg5 Bxg5 14. Qd2 Bxe3 15.
Qxe3 Nf4 16. Bf3 a6 17. Ne2 Nxe2+ 18. Bxe2 f5 19. f3 f4 20. Qf2 Qg5 21. Kh2 Rf6
22. b4 b6 23. bxc5 bxc5 24. Rab1 Bd7 25. Rb7 Bc8 26. Rb6 Rg6 27. Rfb1 Kh7 28.
Rc6 Qh5 29. Rbb6 Rg3 30. Bf1 Bxh3 31. gxh3 Rxf3 32. Qg2 Rg3 33. Qh1 Rxa3 34. Qg1
Ra2+ 35. Kh1 Ra1 36. Rb2 Qf3+ 37. Qg2 Qxf1+ 38. Qxf1 Rxf1+ 39. Kg2 Re1 40. Rxd6
Rxe4 41. Re6 a5 42. d6 a4 43. d7 Rd8 44. Rd2 Rd4 45. Rd6 a3 46. R2xd4 {White
resigns} 0-1

[Event "Team 45 45 League T69"]
[Site "Internet Chess Club"]
[Date "2016.06.26"]
[Round "3"]
[White "zorori"]
[Black "houseofcook"]
[Result "1-0"]
[WhiteElo "1713"]
[BlackElo "1431"]
[Opening "French: Tarrasch, closed variation"]
[ECO "C05"]
[Time "05:10:37"]
[TimeControl "2700+45"]

1. e4 e6 2. d4 d5 3. Nd2 Nf6 4. e5 Nfd7 5. Ngf3 c5 6. c3 Nc6 7. Bd3 cxd4 8. cxd4
f6 9. exf6 Nxf6 10. O-O Bd6 11. Nb3 O-O 12. Bg5 h6 13. Bh4 Qc7 14. Bxf6 Rxf6 15.
Rc1 Qb8 16. Re1 Bd7 17. Nc5 Bxc5 18. Rxc5 Rf8 19. Bb5 Rf7 20. Bxc6 bxc6 21. Ne5
Re7 22. b3 Qb7 23. Qc2 Rc8 24. Rc1 Be8 25. Nxc6 Bxc6 26. Rxc6 Rxc6 27. Qxc6 Qxc6
28. Rxc6 Kf7 29. Kf1 Rb7 30. Ke2 Ke7 31. Kd3 Kd7 32. Ra6 Rc7 33. Ke3 Ke7 34. b4
Kf6 35. Kf4 h5 36. b5 g5+ 37. Ke3 Kf5 38. a4 h4 39. Rc6 Rb7 40. h3 g4 41. hxg4+
Kxg4 42. Rxe6 {Black resigns} 1-0

[Event "Team 45 45 League T69"]
[Site "Internet Chess Club"]
[Date "2016.06.25"]
[Round "3"]
[White "calsal"]
[Black "GrandUnified"]
[Result "1-0"]
[WhiteElo "1776"]
[BlackElo "1454"]
[Opening "Sicilian: Alapin's variation (2.c3)"]
[ECO "B22"]
[Time "12:01:52"]
[TimeControl "2700+45"]

1. e4 c5 2. c3 d6 3. d4 cxd4 4. cxd4 g6 5. Nc3 Bg7 6. Be3 e6 7. f4 Ne7 8. Nf3
O-O 9. Bd3 b6 10. O-O Bb7 11. Rc1 Nbc6 12. Qd2 a6 13. Qf2 d5 14. e5 Nb4 15. Bb1
Rc8 16. h3 Qd7 17. Nh2 Rc7 18. Ng4 f5 19. Nh2 Rfc8 20. a3 Nbc6 21. Na4 Rb8 22.
Nxb6 Qd8 23. Na4 Bc8 24. Nc5 Na7 25. Nf3 h6 26. Bd3 Rc6 27. Rc2 Bf8 28. Rfc1 Kf7
29. Qh4 Bg7 30. g4 Qb6 31. Kh1 Nb5 32. gxf5 exf5 33. Qf2 Nc7 34. Qe2 Ne6 35.
Nxa6 Bxa6 36. Rxc6 Nxc6 37. Bxa6 Na5 38. b4 Nc6 39. Bd3 Ne7 40. Nd2 g5 41. Qh5+
Kf8 42. fxg5 hxg5 43. Bxg5 Qxd4 44. Bxe7+ Kxe7 45. Qf3 Qxe5 46. Qxf5 Qd4 47. Re1
Rb6 48. Nf3 Qf2 49. Qg5+ Bf6 50. Qg2 Qxg2+ 51. Kxg2 Kd6 52. Bf5 Nd4 53. Nxd4
Bxd4 54. Re6+ Kc7 55. Rxb6 Kxb6 56. a4 Bc3 57. b5 Ba5 58. Kf3 Kc5 59. Ke3 Kd6
60. Bc2 Ke5 61. h4 Bd8 62. h5 Kd6 63. Kd3 Bg5 64. Bd1 Kc5 65. Bf3 Bf4 66. Bg4
Bg5 67. Bd7 Kb6 68. Kd4 Ka5 69. Kxd5 Kxa4 70. b6+ Ka5 71. b7 Bf4 72. h6 Kb6 73.
h7 {Black resigns} 1-0

[Event "Team 45 45 League T69"]
[Site "Internet Chess Club"]
[Date "2016.06.24"]
[Round "3"]
[White "rayonline53"]
[Black "Yedixon"]
[Result "0-1"]
[WhiteElo "1387"]
[BlackElo "1694"]
[Opening "Queen's pawn game"]
[ECO "D00"]
[Time "13:05:08"]
[TimeControl "2700+45"]

1. d4 d5 2. g3 e6 3. Bg2 Nf6 4. Nf3 c5 5. c3 Nc6 6. O-O Qb6 7. e3 Bd6 8. Nbd2
Bd7 9. Re1 O-O 10. e4 dxe4 11. Nxe4 Nxe4 12. Rxe4 Rfd8 13. dxc5 Bxc5 14. Qc2
Rac8 15. Be3 Bxe3 16. Rxe3 Nb4 17. Qb3 Nd5 18. Qxb6 Nxb6 19. Rd1 Nc4 20. Re2 Bb5
21. Rxd8+ Rxd8 22. Nd4 Ba6 23. b3 Nd6 24. c4 Nxc4 25. bxc4 Rxd4 26. Rb2 Rd1+ 27.
Bf1 Bxc4 28. Rc2 b5 29. Kg2 Bxf1+ 30. Kf3 Bc4 {White resigns} 0-1

[Event "Team 45 45 League T69"]
[Site "Internet Chess Club"]
[Date "2016.06.23"]
[Round "3"]
[White "mongmong"]
[Black "WOLFSPELZ"]
[Result "1/2-1/2"]
[WhiteElo "1527"]
[BlackElo "1423"]
[Opening "QGD Slav: 4.e3 Bf5"]
[ECO "D12"]
[Time "18:00:54"]
[TimeControl "2700+45"]

1. d4 d5 2. Nf3 Nf6 3. e3 Bf5 4. c4 c6 5. Nc3 e6 6. Nh4 Be7 7. Nxf5 exf5 8. Qb3
Qb6 9. Qxb6 axb6 10. cxd5 cxd5 11. g3 O-O 12. Bg2 Rd8 13. O-O Nc6 14. a3 Na5 15.
Rb1 Nb3 16. Rd1 Nxc1 17. Rdxc1 Ra5 18. Rc2 g6 19. Rbc1 Ne4 20. Bxe4 fxe4 21. Nb1
Ra7 22. Rc8 Kg7 23. Rxd8 Bxd8 24. Rc8 Bf6 25. Nc3 Ra5 26. Rc7 Bd8 27. Rd7 Bf6
28. Rxd5 Rxd5 29. Nxd5 Bd8 30. Nc3 f5 31. Kg2 Kf7 32. f3 exf3+ 33. Kxf3 Ke6 34.
e4 fxe4+ 35. Kxe4 Bf6 36. h3 Kd6 37. g4 Kc6 38. a4 Bh4 39. b4 Be1 40. b5+ Kd6
41. Nd5 Ba5 42. Nf6 h6 43. Ng8 Bd2 44. Nf6 Ba5 45. Nd5 Ke6 46. Nf4+ Kf6 47. d5
Bb4 48. Ne6 Be7 49. Nd4 Bd6 50. Nb3 Bb4 51. Nc1 Bd6 52. Nd3 Bg3 53. Nb2 Ke7 54.
Nc4 Bc7 55. Kd4 Bg3 56. Ne5 Kf6 57. Nd7+ Kg5 58. Ne5 Kf6 59. Nf3 Ke7 60. Nd2 Bh2
61. Ne4 Bf4 62. d6+ Bxd6 63. Nxd6 Kxd6 64. Kc4 Ke5 65. Kb4 Kd5 66. h4 g5 67. h5
Kd4 68. Kb3 Kd3 69. Kb4 Kd4 70. Kb3 Kd3 71. Kb4 Kd4 {Game drawn by repetition}
1/2-1/2

[Event "Team 45 45 League T69"]
[Site "Internet Chess Club"]
[Date "2016.06.27"]
[Round "3"]
[White "Innes"]
[Black "BrerRabbit"]
[Result "0-1"]
[WhiteElo "1554"]
[BlackElo "1472"]
[Opening "Pirc defense"]
[ECO "B07"]
[Time "18:31:27"]
[TimeControl "2700+45"]

1. e4 d6 2. d4 Nf6 3. Bd3 Nc6 4. c3 e5 5. f4 exd4 6. Nf3 dxc3 7. Nxc3 g6 8. O-O
Bg7 9. f5 O-O 10. Bg5 Qe8 11. Bxf6 Bxf6 12. Nd5 Qd8 13. g4 Ne5 14. Nxf6+ Qxf6
15. g5 Nxf3+ 16. Rxf3 Qxg5+ 17. Rg3 Qf6 18. Qh5 Bd7 19. Bc4 Qd4+ 20. Kg2 Qxe4+
21. Kg1 Qd4+ 22. Kf1 Qxc4+ {White resigns} 0-1

[Event "Team 45 45 League T69"]
[Site "Internet Chess Club"]
[Date "2016.06.26"]
[Round "3"]
[White "Chesstime2016"]
[Black "clarinetref"]
[Result "0-1"]
[WhiteElo "1467"]
[BlackElo "1611"]
[Opening "Robatsch (modern) defense"]
[ECO "B06"]
[Time "21:02:45"]
[TimeControl "2700+45"]

1. e4 g6 2. d4 d6 3. Nf3 Bg7 4. Bd3 c6 5. O-O Qc7 6. Nc3 Bg4 7. h3 Bxf3 8. Qxf3
Bxd4 9. Bd2 Nd7 10. Rfe1 Bg7 11. Rad1 Ne5 12. Qe3 Nf6 13. f4 Nxd3 14. Qxd3 O-O
15. e5 dxe5 16. fxe5 Rad8 17. Qc4 Nh5 18. e6 Bd4+ 19. Be3 Bxe3+ 20. Rxe3 Rxd1+
21. Nxd1 f5 22. Nc3 Qb6 23. Qd3 f4 24. Na4 Qxe3+ {White resigns} 0-1

[Event "Team 45 45 League T69"]
[Site "Internet Chess Club"]
[Date "2016.06.23"]
[Round "3"]
[White "kutch"]
[Black "tuantuan"]
[Result "0-1"]
[WhiteElo "1512"]
[BlackElo "1578"]
[Opening "Grünfeld: Russian variation"]
[ECO "D81"]
[Time "20:00:44"]
[TimeControl "2700+45"]

1. d4 Nf6 2. c4 g6 3. Nc3 d5 4. Qb3 dxc4 5. Qxc4 Bg7 6. e4 O-O 7. e5 Ng4 8. h3
Nh6 9. Bf4 Nf5 10. Nf3 b6 11. g4 Bb7 12. d5 e6 13. gxf5 exd5 14. Qd4 c5 15. Qd1
d4 16. Nb5 Re8 17. f6 Qxf6 18. Nd6 Qxd6 19. Be2 Qc7 20. Rg1 Nc6 21. Rc1 Rad8 22.
Qa4 Nxe5 23. Nxd4 Qe7 24. Kf1 Rxd4 {White resigns} 0-1

[Event "Team 45 45 League T69"]
[Site "Internet Chess Club"]
[Date "2016.06.26"]
[Round "3"]
[White "bhxm"]
[Black "MartyJR"]
[Result "0-1"]
[WhiteElo "1349"]
[BlackElo "1444"]
[Opening "Sicilian: dragon, classical, 8.O-O"]
[ECO "B73"]
[Time "13:01:02"]
[TimeControl "2700+45"]

1. e4 c5 2. Nf3 Nc6 3. d4 cxd4 4. Nxd4 g6 5. Nc3 Bg7 6. Be3 d6 7. Be2 Nf6 8. O-O
O-O 9. f3 Qb6 10. a3 Nxe4 11. fxe4 Bxd4 12. Bxd4 Qxd4+ 13. Qxd4 Nxd4 14. Rac1
Nxe2+ 15. Nxe2 Be6 16. Nd4 Bd7 17. Nb3 Rac8 18. c3 b6 19. Rcd1 Ba4 20. Nd4 Bxd1
21. Rxd1 a6 22. Nf3 Rfd8 23. e5 dxe5 24. Rxd8+ Rxd8 25. Nxe5 Rd1+ 26. Kf2 Rd2+
27. Kg1 Rxb2 28. Nc4 Rb3 29. a4 Rxc3 30. Nxb6 Rb3 31. Nd5 e6 32. Nc7 a5 33. Na6
Ra3 34. Nc5 Kg7 35. Kf2 Kf6 36. Ke2 Ke5 37. Nd3+ Kd6 38. Ke3 Rxa4 39. Nf4 Ra3+
40. Kf2 e5 41. Nh3 h6 42. g3 Rb3 43. Kg2 a4 44. g4 a3 45. Nf2 Rb2 46. Kf1 Rxf2+
47. Kxf2 a2 48. Kf3 a1=Q 49. Kg3 Qg1+ 50. Kh3 Qe3+ 51. Kh4 Qg5+ 52. Kh3 e4 53.
Kg3 e3 54. h3 h5 55. Kf3 hxg4+ 56. hxg4 f5 57. gxf5 gxf5 58. Ke2 f4 59. Kf3 Qg3+
60. Ke4 e2 61. Kf5 e1=R 62. Kf6 Re6+ 63. Kf5 Qg6+ 64. Kxf4 Qf7+ 65. Kg3 Rg6+ 66.
Kh2 Qh7# {White checkmated} 0-1

[Event "Team 45 45 League T69"]
[Site "Internet Chess Club"]
[Date "2016.06.23"]
[Round "3"]
[White "Aquaman"]
[Black "liujf"]
[Result "1-0"]
[WhiteElo "1345"]
[BlackElo "1219"]
[Opening "Réti: King's Indian attack, Yugoslav variation"]
[ECO "A05"]
[Time "20:00:27"]
[TimeControl "2700+45"]

1. Nf3 Nf6 2. g3 d5 3. Bg2 c6 4. O-O Bg4 5. d3 Nbd7 6. Nbd2 e5 7. e4 dxe4 8.
dxe4 Bc5 9. h3 Bh5 10. c3 h6 11. b4 Bb6 12. Qc2 O-O 13. Nc4 Bc7 14. Ne3 Re8 15.
Nf5 Kh7 16. Rd1 Bg6 17. N3h4 Bxf5 18. Nxf5 Ng8 19. Qe2 Ne7 20. Nd6 Bxd6 21. Rxd6
Ng6 22. Be3 Qe7 23. Rad1 a6 24. Rxd7 Qf6 25. Rxb7 {Black resigns} 1-0

[Event "Team 45 45 League T69"]
[Site "Internet Chess Club"]
[Date "2016.06.26"]
[Round "3"]
[White "Tjet"]
[Black "WascallyWabbit"]
[Result "1/2-1/2"]
[WhiteElo "1400"]
[BlackElo "1509"]
[Opening "English opening"]
[ECO "A10"]
[Time "19:03:03"]
[TimeControl "2700+45"]

1. c4 b6 2. e4 Bb7 3. d3 e6 4. Nf3 Bb4+ 5. Nc3 Ne7 6. Bd2 Ng6 7. a3 Be7 8. g3 c5
9. Bg2 Nc6 10. O-O O-O 11. Rb1 Nge5 12. Nxe5 Nxe5 13. f4 Nc6 14. e5 Rb8 15. Nb5
a6 16. Nc3 Nd4 17. Bxb7 Rxb7 18. Be3 Nf5 19. Bf2 d6 20. exd6 Qxd6 21. Ne4 Qc6
22. Qf3 Qd7 23. Rfd1 Nd4 24. Bxd4 Qxd4+ 25. Qf2 Qxf2+ 26. Kxf2 Rd7 27. Ke2 Rfd8
28. b4 f5 29. Nc3 Bf6 30. Na4 cxb4 31. axb4 Bd4 32. b5 axb5 33. cxb5 Rc7 34. Rb4
Rc2+ 35. Rd2 Rxd2+ 36. Kxd2 Bg1 37. h3 Rd4 38. Rxd4 Bxd4 39. Nc3 h5 40. Ne2 Bf2
41. d4 Kf7 42. Kd3 Ke7 43. Kc3 Kd7 {Game drawn by mutual agreement} 1/2-1/2

[Event "Team 45 45 League T69"]
[Site "Internet Chess Club"]
[Date "2016.06.24"]
[Round "3"]
[White "mongmong"]
[Black "KidRattler"]
[Result "0-1"]
[WhiteElo "1514"]
[BlackElo "1609"]
[Opening "Colle system"]
[ECO "A46"]
[Time "18:00:30"]
[TimeControl "2700+45"]

1. d4 Nf6 2. Nf3 e6 3. e3 c5 4. c3 d5 5. Bd3 Nbd7 6. Nbd2 Bd6 7. O-O h5 8. Qe2
Qc7 9. e4 e5 10. dxe5 Nxe5 11. Nxe5 Bxe5 12. h3 Bd7 13. exd5 O-O-O 14. Nf3 Rde8
15. Nxe5 Rxe5 16. Qf3 Rxd5 17. Bc2 Bc6 18. Bf4 Qd8 19. Qg3 h4 20. Qh2 g5 21.
Bxg5 Rxg5 22. f3 Rg3 23. Bf5+ Kb8 24. Rad1 Qb6 25. Rd6 c4+ 26. Kh1 Nd5 27. Be4
Qc5 28. Rxc6 bxc6 29. Rd1 Rg8 30. Rd2 Qe3 31. Rd1 Qe2 32. Rg1 Ne3 33. Bxc6 Nf1
{White resigns} 0-1